 Dungeon Crawl Stone Soup version 0.31-a0-161-gb58dd9be76 (webtiles) character file.

Game seed: 7388775517401198354

2174 qw the Cleaver (level 9, -1/57 HPs)
             Began as a Gargoyle Fighter on June 12, 2023.
             Slain by a boulder beetle (14 damage)
             ... on level 6 of the Dungeon.
             The game lasted 00:03:32 (4836 turns).

qw the Cleaver (Gargoyle Fighter)                   Turns: 4836, Time: 00:03:33

Health: -1/57      AC: 23    Str: 24    XL:     9   Next: 32%
Magic:  9/9        EV:  6    Int:  9    God:
Gold:   230        SH:  4    Dex:  9    Spells: 8/8 levels left

rFire   . . .        h - +0 war axe (vamp)
rCold   . . .        c - +0 buckler
rNeg    + . .        r - +0 plate armour
rPois   inf          k - +2 helmet
rElec   +            (no cloak)
rCorr   .            f - +0 pair of gloves
SInv    .            (no boots)
Will    .....        (no amulet) Stlth
                     (no ring)
HPRegen 0.29/turn    (no ring)
MPRegen 0.11/turn

%: no passive effects
@: no status effects
A: sickness immunity, AC +6, negative energy resistance 1, electricity
resistance, torment resistance 1, petrification resistance
a: no special abilities


You were on level 6 of the Dungeon.
You visited 1 branch of the dungeon, and saw 6 of its levels.

You collected 270 gold pieces.
You spent 40 gold pieces at shops.


Innate Abilities, Weirdness & Mutations

You are immune to sickness and miasma.
Your stone body is resilient. (AC +6)
You are immune to poison.
You resist negative energy. (rN+)
You are resistant to electric shocks. (rElec)
You are resistant to unholy torment.
You are immune to petrification.


   Skills:
 - Level 7.1 Fighting
 - Level 9.0 Axes
 + Level 5.2 Armour
 - Level 1.0 Dodging
 - Level 4.0 Shields


You had 8 spell levels left.
You didn't know any spells.
Your spell library was empty.

Inventory:

Hand Weapons
 h - a +0 vampiric war axe (weapon)
 m - a +0 flail
 q - a +0 war axe
Armour
 c - a +0 buckler (worn)
 f - a +0 pair of gloves (worn)
 k - a +2 helmet (worn)
 r - a +0 plate armour (worn)
Scrolls
 l - 2 scrolls of identify
Potions
 b - a potion of resistance
 d - 3 potions of might
 g - 2 potions of haste
 i - 2 potions of curing
 n - a potion of mutation
 o - a potion of attraction
 p - a potion of lignification
 s - a potion of enlightenment {unknown}

Dungeon Overview and Level Annotations

Branches:
Dungeon (6/15)
 Temple: D:4-7

Altars:
Ashenzari
Dithmenos
Qazlal
Ru

Shops:
D:2 ?   D:4 =

Annotations:
D:4 exclusion: 4 iron imps


Message History

The boulder beetle stops rolling and uncurls.
You hit the boulder beetle but do no damage.
The boulder beetle is lightly wounded.
The boulder beetle bites you but does no damage.
You hit the boulder beetle but do no damage.
The boulder beetle is lightly wounded.
The boulder beetle bites you but does no damage.
You slash the boulder beetle!
You feel better.
The boulder beetle is lightly wounded.
The boulder beetle bites you but does no damage.
You hit the boulder beetle but do no damage.
The boulder beetle is lightly wounded.
The boulder beetle leaps!
You hit the boulder beetle but do no damage.
The boulder beetle is lightly wounded.
The boulder beetle leaps!
You start resting.
A boulder beetle is nearby!
The boulder beetle leaps!
The boulder beetle curls into a ball and begins rolling!
You slash the boulder beetle!
You feel better.
The boulder beetle is lightly wounded.
The boulder beetle hits you!
The boulder beetle stops rolling and uncurls.
You hit the boulder beetle but do no damage.
The boulder beetle is lightly wounded.
You block the boulder beetle's attack.
You hit the boulder beetle.
You feel better.
The boulder beetle is moderately wounded.
The boulder beetle bites you.
You hit the boulder beetle but do no damage.
The boulder beetle is moderately wounded.
The boulder beetle barely misses you.
You hit the boulder beetle but do no damage.
The boulder beetle is lightly wounded.
The boulder beetle bites you but does no damage.
You hit the boulder beetle.
You feel better.
The boulder beetle is moderately wounded.
The boulder beetle bites you!
You die...

########
###########......#
#...........####.#
#.########### #@#
#.# #B# ..# #.#
..# #.# ..# #.#
### #.# .......
#.. ####### ##. #


You could see a boulder beetle.

Vanquished Creatures
  Grinder (D:3)
  A wyvern (D:5)
  An orc warrior (D:5)
  An ice beast (D:5)
  2 black bears
  An ogre (D:4)
  2 phantoms
  4 scorpions
  A bullfrog (D:4)
  3 jellies
  5 hounds
  A gnoll bouda (D:4)
  7 orc priests
  4 iguanas (D:5)
  An orc wizard (D:4)
  A sleepcap (D:4)
  Robin (D:2)
  7 gnolls
  7 adders
  An ufetubus (D:4)
  An adder zombie (D:2)
  6 worms
  4 dart slugs
  21 orcs
  A bat skeleton (D:2)
  7 endoplasms
  8 giant cockroaches
  18 goblins
  12 hobgoblins
  6 jackals
  3 quokkas
  6 ball pythons
  4 bats
  4 frilled lizards
  6 kobolds
  A quokka skeleton (D:2)
  A quokka zombie (D:2)
  11 rats
172 creatures vanquished.

Notes
Turn   | Place    | Note
-------+----------+-------------------------------------------
     0 | D:1      | qw the Gargoyle Fighter began the quest for the Orb.
     0 | D:1      | Reached XP level 1. HP: 14/14 MP: 1/1
     0 | D:1      | 0 ||| qw: Version: 0.2-a-29-gc1b59c4
     0 | D:1      | 0 ||| qw: Game counter: 4180
     0 | D:1      | 0 ||| qw: Always use a shield: true
     0 | D:1      | 0 ||| qw: God list: Okawaru
     0 | D:1      | 0 ||| qw: Allow faded altars: false
     0 | D:1      | 0 ||| qw: Do Orc after D:15 true
     0 | D:1      | 0 ||| qw: Do second Lair branch before Depths: true
     0 | D:1      | 0 ||| qw: Lair rune preference: random
     0 | D:1      | 0 ||| qw: Plans: Normal, Zot:1-4, Slime:5, God:TSO, Crypt,
                  | Tomb, Abyss, Pan, Hells, Win
     0 | D:1      | 0 ||| PLANNING D:1-11
    31 | D:1      | Reached skill level 2 in Axes
    87 | D:1      | Reached XP level 2. HP: 7/19 MP: 2/2
    98 | D:1      | 98 ||| FLEEEEING.
    99 | D:1      | 99 ||| FLEEEEING.
   164 | D:1      | 164 ||| Stepping ~*~*~tactically~*~*~ (stealth).
   165 | D:1      | 165 ||| Stepping ~*~*~tactically~*~*~ (stealth).
   173 | D:1      | 173 ||| Stepping ~*~*~tactically~*~*~ (stealth).
   239 | D:1      | Reached skill level 3 in Axes
   246 | D:1      | 246 ||| DROPPING +0 whip.
   271 | D:1      | Reached XP level 3. HP: 11/23 MP: 3/3
   356 | D:1      | 356 ||| Stepping ~*~*~tactically~*~*~ (hiding).
   358 | D:1      | 358 ||| Stepping ~*~*~tactically~*~*~ (hiding).
   359 | D:1      | 359 ||| Stepping ~*~*~tactically~*~*~ (hiding).
   582 | D:1      | 582 ||| UPGRADING to +0 pair of gloves.
   587 | D:1      | 587 ||| DROPPING ring of flight.
   588 | D:1      | 588 ||| READING scroll labelled OCLYFOJ AWKE.
   589 | D:1      | 589 ||| READING scroll labelled YSHRIUFRUBER.
   590 | D:1      | 590 ||| READING scroll labelled TOUTHR RYTIOQU.
   591 | D:1      | 591 ||| DRINKING 2 dark potions.
   786 | D:2      | Noticed Robin
   787 | D:2      | 787 ||| Stepping ~*~*~tactically~*~*~ (hiding).
   801 | D:2      | Reached XP level 4. HP: 18/28 MP: 4/4
   822 | D:2      | HP: 6/28 [Robin/+0 trident (5)]
   832 | D:2      | HP: 6/28 [Robin/+0 trident (5)]
   833 | D:2      | Killed Robin
   834 | D:2      | Reached skill level 4 in Axes
   943 | D:2      | Found Obbac's Magic Scroll Emporium.
   951 | D:2      | 951 ||| SHOPLISTING scroll of enchant armour (75 gold, have
                  | 56).
   951 | D:2      | 951 ||| SHOPLISTING scroll of enchant weapon (75 gold, have
                  | 56).
   951 | D:2      | 951 ||| BUYING scroll of identify (20 gold).
   951 | D:2      | Bought a scroll of identify for 20 gold pieces
   951 | D:2      | 951 ||| BUYING scroll of identify (20 gold).
   951 | D:2      | Bought a scroll of identify for 20 gold pieces
   951 | D:2      | 951 ||| SHOPLISTING scroll of identify (20 gold, have 16).
   951 | D:2      | 951 ||| SHOPLISTING scroll of teleportation (30 gold, have
                  | 16).
  1003 | D:2      | 1003 ||| DROPPING +0 mace.
  1035 | D:2      | Reached XP level 5. HP: 28/32 MP: 5/5
  1541 | D:2      | 1541 ||| UPGRADING to +0 chain mail.
  1551 | D:2      | 1551 ||| DROPPING +0 scale mail.
  1552 | D:2      | 1552 ||| UPGRADING to +2 helmet.
  1557 | D:2      | 1557 ||| READING scroll labelled CESAXZ AJUSEDYVA.
  1558 | D:2      | 1558 ||| READING 4 scrolls of identify.
  1558 | D:2      | 1558 ||| IDENTIFYING sedimented cyan potion
  1559 | D:2      | 1559 ||| READING 3 scrolls of identify.
  1559 | D:2      | 1559 ||| IDENTIFYING cyan potion
  1560 | D:2      | 1560 ||| READING 2 scrolls of identify.
  1560 | D:2      | 1560 ||| IDENTIFYING gluggy blue potion
  1561 | D:2      | 1561 ||| DROPPING potion of ambrosia.
  1575 | D:3      | 1575 ||| Stepping ~*~*~tactically~*~*~ (stealth).
  1605 | D:3      | Found a stormy altar of Qazlal.
  1638 | D:3      | 1638 ||| Stepping ~*~*~tactically~*~*~ (stealth).
  1640 | D:3      | 1640 ||| Stepping ~*~*~tactically~*~*~ (stealth).
  1696 | D:3      | Noticed Grinder
  1697 | D:3      | 1697 ||| Stepping ~*~*~tactically~*~*~ (hiding).
  1709 | D:3      | Paralysed by Grinder for 4 turns
  1720 | D:3      | 1720 ||| Stepping ~*~*~tactically~*~*~ (hiding).
  1732 | D:3      | 1732 ||| FLEEEEING.
  1738 | D:3      | 1738 ||| FLEEEEING.
  1740 | D:3      | Killed Grinder
  1741 | D:3      | Reached skill level 6 in Axes
  1741 | D:3      | Reached XP level 6. HP: 31/37 MP: 6/6
  1962 | D:3      | Found a faded altar of an unknown god.
  2207 | D:3      | Found a sacrificial altar of Ru.
  2414 | D:3      | 2414 ||| READING scroll labelled UTUHAETIDGH.
  2415 | D:3      | 2415 ||| READING scroll labelled KIXIGO EHYSH.
  2442 | D:3      | 2442 ||| READING scroll labelled NEQOISK OSEG.
  2492 | D:4      | Noticed a black bear
  2493 | D:4      | 2493 ||| Stepping ~*~*~tactically~*~*~ (stealth).
  2501 | D:4      | Killed a black bear
  2502 | D:4      | Reached XP level 7. HP: 44/44 MP: 7/7
  2518 | D:4      | Reached skill level 1 in Dodging
  2643 | D:4      | 2643 ||| DRINKING 2 potions of curing.
  2643 | D:4      | 2643 ||| (to cure confusion)
  2643 | D:4      | HP: 4/44 [orc priest/divine providence (14)]
  2836 | D:4      | Reached skill level 7 in Axes
  2880 | D:4      | 2880 ||| Stepping ~*~*~tactically~*~*~ (stealth).
  3006 | D:4      | 3006 ||| DROPPING +0 hand axe.
  3012 | D:4      | 3012 ||| Stepping ~*~*~tactically~*~*~ (stealth).
  3020 | D:4      | Reached XP level 8. HP: 29/49 MP: 8/8
  3185 | D:4      | Found Pang's Jewellery Emporium.
  3192 | D:4      | 3192 ||| SHOPLISTING amulet of reflection (360 gold, have
                  | 175).
  3192 | D:4      | 3192 ||| SHOPLISTING amulet of the Pariah {Spirit rC+} (528
                  | gold, have 175).
  3192 | D:4      | 3192 ||| SHOPLISTING ring of Bumieshra {rElec rC+ rCorr}
                  | (535 gold, have 175).
  3192 | D:4      | 3192 ||| SHOPLISTING ring of protection from cold (300
                  | gold, have 175).
  3193 | D:4      | 3193 ||| Stepping ~*~*~tactically~*~*~ (stealth).
  3440 | D:4      | 3440 ||| READING 2 scrolls of identify.
  3440 | D:4      | 3440 ||| IDENTIFYING smoky cyan potion
  3443 | D:4      | 3443 ||| Stepping ~*~*~tactically~*~*~ (stealth).
  3453 | D:5      | Entered Level 5 of the Dungeon
  3462 | D:5      | 3462 ||| STAIRDANCE
  3474 | D:4      | Reached skill level 8 in Axes
  3491 | D:5      | 3491 ||| Stepping ~*~*~tactically~*~*~ (stealth).
  3492 | D:5      | 3492 ||| Stepping ~*~*~tactically~*~*~ (stealth).
  3493 | D:5      | 3493 ||| Stepping ~*~*~tactically~*~*~ (stealth).
  3495 | D:5      | Found a broken altar of Ashenzari.
  3612 | D:5      | Noticed a wyvern
  3627 | D:5      | Killed a wyvern
  3726 | D:5      | Found a shadowy altar of Dithmenos.
  3737 | D:5      | Reached skill level 6 in Fighting
  3952 | D:5      | 3952 ||| Stepping ~*~*~tactically~*~*~ (stealth).
  3968 | D:5      | Reached XP level 9. HP: 44/55 MP: 9/9
  4133 | D:5      | 4133 ||| Stepping ~*~*~tactically~*~*~ (stealth).
  4135 | D:5      | 4135 ||| Stepping ~*~*~tactically~*~*~ (stealth).
  4145 | D:5      | Reached skill level 9 in Axes
  4149 | D:5      | 4149 ||| Stepping ~*~*~tactically~*~*~ (stealth).
  4274 | D:5      | 4274 ||| Stepping ~*~*~tactically~*~*~ (hiding).
  4276 | D:5      | 4276 ||| Stepping ~*~*~tactically~*~*~ (hiding).
  4278 | D:5      | 4278 ||| Stepping ~*~*~tactically~*~*~ (hiding).
  4655 | D:5      | 4655 ||| UPGRADING to +0 plate armour.
  4665 | D:5      | 4665 ||| DROPPING +0 chain mail.
  4666 | D:5      | 4666 ||| READING scroll labelled VADEAL IWAE.
  4667 | D:5      | 4667 ||| READING 4 scrolls of identify.
  4667 | D:5      | 4667 ||| IDENTIFYING murky red potion
  4668 | D:5      | 4668 ||| READING 3 scrolls of identify.
  4668 | D:5      | 4668 ||| IDENTIFYING coppery potion
  4669 | D:5      | 4669 ||| READING 2 scrolls of identify.
  4669 | D:5      | 4669 ||| IDENTIFYING ruby potion
  4670 | D:5      | 4670 ||| DROPPING potion of degeneration.
  4785 | D:6      | Noticed a boulder beetle
  4796 | D:6      | HP: 9/57 [boulder beetle (12)]
  4816 | D:6      | HP: 13/57 [boulder beetle (7)]
  4831 | D:6      | HP: 12/57 [boulder beetle (7)]
  4836 | D:6      | Slain by a boulder beetle

Levels and vault maps discovered:
D:1:      dpeg_arrival_brainrot, layout_rooms
D:2:      layout_basic, serial_shops, shop, serial_undead, serial_undead_c,
          serial_undead_b, serial_undead_e, serial_undead_b, serial_undead_a,
          serial_undead_d, serial_undead_c, minmay_fountain_box, uniq_robin
D:3:      layout_loops_ring, mainiacjoe_overflow_alcove_1,
          mainiacjoe_overflow_cross_hatched, hellmonk_ecumenical_altar_zigzags,
          minmay_distorted, uniq_grinder
D:4:      minmay_chambers_of_threes, layout_basic, demons_altar, serial_shops,
          shop, chequers_serial_rivers_micro_a, eino_tiny_chamber
D:5:      wad_river_or_something, layout_basic, evilmike_ruin_ashenzari,
          grunt_dithmenos_smoke_and_mirrors
D:6:      layout_loops_ring, mainiacjoe_overflow_alcove_4,
          general_overflow_altar, serial_shops, nicolae_shop_just_a_little_nook,
          doesnt_shop_hydraphobe

Skill      XL: |  1  2  3  4  5  6  7  8  9 |
---------------+----------------------------+-----
Axes           | 2 3 4 6 7 8 9 |  9.0
Fighting       | 4 5 6 7 |  7.1
Dodging        | 1 |  1.0
Armour         | 4 5 |  5.2
Shields        | 4 |  4.0

Action                     |  1- 3 |  4- 6 |  7- 9 || total
---------------------------+-------+-------+-------++-------
  Melee: War axe           |    89 |   147 |   382 ||   618
    Use: Scroll            |     3 |     7 |     5 ||    15
         Potion            |     1 |       |     1 ||     2
 Armour: Scale mail        |    40 |    44 |       ||    84
         Chain mail        |       |    37 |   204 ||   241
         Plate armour      |       |       |    19 ||    19
  Dodge: Dodged            |    40 |    67 |   133 ||   240
  Block: Buckler           |    18 |    30 |    52 ||   100

Table legend:
 A = Non-vault XP
 B = Vault XP
 C = Vault XP percentage of total XP
 D = Non-vault monster count
 E = Vault monster count
 F = Vault count percentage of total count
                 A         B        C        D         E       F
            +---------+---------+-------+---------+---------+-------
      Total |    1902 |    1205 |  38.8 |     131 |      41 |  23.8
            +---------+---------+-------+---------+---------+-------
        D:1 |      45 |       5 |  10.0 |      29 |       1 |   3.3
        D:2 |      92 |      45 |  32.8 |      20 |      15 |  42.9
        D:3 |      44 |     277 |  86.3 |      18 |       4 |  18.2
        D:4 |     648 |     319 |  33.0 |      31 |      12 |  27.9
        D:5 |     982 |     559 |  36.3 |      28 |       9 |  24.3
        D:6 |      91 |       0 |   0.0 |       5 |       0 |   0.0
            +---------+---------+-------+---------+---------+-------
